% Time on Ice - WINNIPEG BEAVERS
Lines # - Real PCT - Wanted PCT - Time Play
Normal Forward
1 - 35% - 38% - 17:11
2 - 29% - 35% - 14:37
3 - 24% - 25% - 11:45
4 - 12% - 2% - 6:02
Normal Defense
1 - 33% - 31% - 16:07
2 - 30% - 31% - 14:54
3 - 32% - 30% - 15:51
4 - 5% - 8% - 2:43
PP Forward
1 - 53% - 52% - 4:26
2 - 47% - 48% - 4:00
PP Defense
1 - 58% - 52% - 4:52
2 - 42% - 48% - 3:34
PK Forward
1 - 31% - 50% - 0:37
2 - 69% - 50% - 1:22
PK Defense
1 - 27% - 53% - 0:32
2 - 73% - 47% - 1:27
PK3 Forward
1 - 0% - 50%
2 - 0% - 50%
PK3 Defense
1 - 0% - 50%
2 - 0% - 50%
44 Forward
1 - 0% - 50%
2 - 0% - 50%
44 Defense
1 - 0% - 50%
2 - 0% - 50%
Last Minute Offensive  - 0:00
Last Minute Defensive  - 0:00
Total
Forward - 60:00
Defense - 60:00
% Time on Ice - REGINA FALCONS
Lines # - Real PCT - Wanted PCT - Time Play
Normal Forward
1 - 37% - 38% - 18:10
2 - 34% - 36% - 16:58
3 - 21% - 23% - 10:23
4 - 8% - 3% - 4:04
Normal Defense
1 - 38% - 40% - 18:41
2 - 36% - 35% - 17:42
3 - 25% - 25% - 12:20
4 - 2% - 0% - 0:52
PP Forward
1 - 65% - 60% - 1:17
2 - 35% - 40% - 0:42
PP Defense
1 - 53% - 60% - 1:03
2 - 47% - 40% - 0:56
PK Forward
1 - 54% - 55% - 4:35
2 - 46% - 45% - 3:51
PK Defense
1 - 69% - 55% - 5:50
2 - 31% - 45% - 2:36
PK3 Forward
1 - 0% - 55%
2 - 0% - 45%
PK3 Defense
1 - 0% - 55%
2 - 0% - 45%
44 Forward
1 - 0% - 55%
2 - 0% - 45%
44 Defense
1 - 0% - 55%
2 - 0% - 45%
Last Minute Offensive  - 0:00
Last Minute Defensive  - 0:00
Total
Forward - 60:00
Defense - 60:00
Play-by-Play 1st period 0:01 of 1st period - Jonathan Miller wins face-off versus Mika Zibanejad in neutral zone. 0:48 of 1st period - Jonathan Miller is hit by Dylan DeMelo and loses puck. 0:56 of 1st period - Icing by Dylan DeMelo. 0:57 of 1st period - Mika Zibanejad wins face-off versus Derick Brassard in WINNIPEG BEAVERS zone. 0:57 of 1st period - Mika Zibanejad is hit by Derick Brassard. 1:15 of 1st period - Icing by Marc-Edouard Vlasic. 1:16 of 1st period - David Krejci wins face-off versus Derick Brassard in REGINA FALCONS zone. 1:17 of 1st period - Shot by Ondrej Palat. 1:17 of 1st period - Stopped by Tristan Jarry without a rebound. 1:18 of 1st period - Tyler Bozak wins face-off versus David Krejci in REGINA FALCONS zone. 1:20 of 1st period - Icing by Nick Cousins. 1:21 of 1st period - David Krejci wins face-off versus Tyler Bozak in REGINA FALCONS zone. 1:33 of 1st period - Icing by Brenden Dillon. 1:34 of 1st period - Tyler Bozak wins face-off versus Patrick Marleau in REGINA FALCONS zone. 1:51 of 1st period - Icing by Nick Cousins. 1:52 of 1st period - Tyler Bozak wins face-off versus David Krejci in REGINA FALCONS zone. 1:52 of 1st period - Tyler Bozak is hit by Alexander Radulov. 1:55 of 1st period - Icing by Nick Cousins. 1:56 of 1st period - Nick Cousins wins face-off versus David Krejci in REGINA FALCONS zone. 1:56 of 1st period - Nick Cousins is hit by Ondrej Palat. 2:49 of 1st period - Shot by Joel Armia. 2:49 of 1st period - Stopped by Tristan Jarry with a rebound. 2:51 of 1st period - Shot by Kris Russell. 2:51 of 1st period - Shot Blocked by Marc-Edouard Vlasic. 2:55 of 1st period - Shot by Brandon Tanev. 2:55 of 1st period - Deflect By Patrick Marleau. 2:55 of 1st period - Stopped by Tristan Jarry with a rebound. 2:57 of 1st period - Shot by Carson Soucy. 2:57 of 1st period - Stopped by Tristan Jarry without a rebound. 2:58 of 1st period - Sean Kuraly wins face-off versus Max Pacioretty in REGINA FALCONS zone. 3:35 of 1st period - Shot by Max Pacioretty. 3:35 of 1st period - Stopped by Linus Ullmark with a rebound. 3:37 of 1st period - Shot by Jonathan Miller. 3:37 of 1st period - Stopped by Linus Ullmark with a rebound. 4:10 of 1st period - Shot by David Pastrnak. 4:10 of 1st period - Shot Misses the Net. 4:12 of 1st period - Shot by David Pastrnak. 4:12 of 1st period - Stopped by Linus Ullmark without a rebound. 4:13 of 1st period - Nick Cousins wins face-off versus Brandon Tanev in WINNIPEG BEAVERS zone. 4:43 of 1st period - Shot by Joel Armia. 4:43 of 1st period - Shot Misses the Net. 5:38 of 1st period - Shot by Brad Marchand. 5:38 of 1st period - Goal by Brad Marchand - WINNIPEG BEAVERS : 1 - REGINA FALCONS : 0. 5:39 of 1st period - Jonathan Miller wins face-off versus David Krejci in neutral zone. 7:09 of 1st period - Joe Pavelski is hit by Derick Brassard and loses puck. 7:35 of 1st period - Icing by Ivan Provorov. 7:36 of 1st period - Derick Brassard wins face-off versus Joel Armia in REGINA FALCONS zone. 7:36 of 1st period - Derick Brassard is hit by Brandon Tanev. 7:41 of 1st period - Off-side. 7:42 of 1st period - Patrick Marleau wins face-off versus Tyler Bozak in neutral zone. 7:42 of 1st period - Minor Penalty to Tyler Bozak for Interference. 7:43 of 1st period - Joe Pavelski wins face-off versus Nick Cousins in REGINA FALCONS zone. 7:52 of 1st period - Shot by Joe Pavelski. 7:52 of 1st period - Stopped by Tristan Jarry without a rebound. 7:53 of 1st period - Mika Zibanejad wins face-off versus Nick Cousins in REGINA FALCONS zone. 8:02 of 1st period - Shot by Alexander Radulov. 8:02 of 1st period - Shot Misses the Net. 8:04 of 1st period - Shot by Alexander Radulov. 8:04 of 1st period - Goal by Alexander Radulov - WINNIPEG BEAVERS : 2 - REGINA FALCONS : 0. 8:05 of 1st period - Jonathan Miller wins face-off versus Patrick Marleau in neutral zone. 8:08 of 1st period - Brandon Tanev is hit by Jonathan Miller and loses puck. 8:23 of 1st period - Shot by Max Pacioretty. 8:23 of 1st period - Shot Misses the Net. 8:25 of 1st period - Shot by Max Pacioretty. 8:25 of 1st period - Stopped by Linus Ullmark with a rebound. 8:27 of 1st period - Shot by Jonathan Miller. 8:27 of 1st period - Shot Blocked by Kris Russell. 8:40 of 1st period - Jonathan Audy-Marchessault is hit by Carson Soucy. 9:08 of 1st period - Shot by Tyler Bozak. 9:08 of 1st period - Stopped by Linus Ullmark without a rebound. 9:09 of 1st period - David Krejci wins face-off versus Derick Brassard in WINNIPEG BEAVERS zone. 9:09 of 1st period - David Krejci is hit by Tanner Pearson. 9:15 of 1st period - Shot by Ondrej Palat. 9:15 of 1st period - Stopped by Tristan Jarry with a rebound. 9:37 of 1st period - Shot by Alexander Radulov. 9:37 of 1st period - Deflect By David Krejci. 9:37 of 1st period - Stopped by Tristan Jarry without a rebound. 9:38 of 1st period - Mika Zibanejad wins face-off versus Tyler Bozak in REGINA FALCONS zone. 10:05 of 1st period - Shot by Brad Marchand. 10:05 of 1st period - Stopped by Tristan Jarry without a rebound. 10:06 of 1st period - David Krejci wins face-off versus Derick Brassard in REGINA FALCONS zone. 10:09 of 1st period - Shot by Alexander Radulov. 10:09 of 1st period - Stopped by Tristan Jarry without a rebound. 10:10 of 1st period - Derick Brassard wins face-off versus David Krejci in REGINA FALCONS zone. 10:15 of 1st period - Shot by David Pastrnak. 10:15 of 1st period - Stopped by Linus Ullmark without a rebound. 10:16 of 1st period - Mika Zibanejad wins face-off versus Derick Brassard in WINNIPEG BEAVERS zone. 10:44 of 1st period - Icing by Aaron Ekblad. 10:45 of 1st period - David Krejci wins face-off versus Derick Brassard in REGINA FALCONS zone. 10:53 of 1st period - Off-side. 10:54 of 1st period - Tyler Bozak wins face-off versus David Krejci in neutral zone. 11:16 of 1st period - Shot by Ondrej Palat. 11:16 of 1st period - Shot Misses the Net. 11:18 of 1st period - Shot by Ondrej Palat. 11:18 of 1st period - Shot Misses the Net. 11:20 of 1st period - Shot by Ondrej Palat. 11:20 of 1st period - Stopped by Tristan Jarry without a rebound. 11:21 of 1st period - Jonathan Miller wins face-off versus Mika Zibanejad in REGINA FALCONS zone. 11:40 of 1st period - Shot by Max Pacioretty. 11:40 of 1st period - Stopped by Linus Ullmark without a rebound. 11:41 of 1st period - Alexander Radulov wins face-off versus Derick Brassard in WINNIPEG BEAVERS zone. 11:58 of 1st period - Shot by David Pastrnak. 11:58 of 1st period - Stopped by Linus Ullmark with a rebound. 12:10 of 1st period - Shot by Derick Brassard. 12:10 of 1st period - Stopped by Linus Ullmark without a rebound. 12:11 of 1st period - Jonathan Miller wins face-off versus Mika Zibanejad in WINNIPEG BEAVERS zone. 13:18 of 1st period - Icing by Ian Cole. 13:19 of 1st period - Mika Zibanejad wins face-off versus Derick Brassard in WINNIPEG BEAVERS zone. 13:39 of 1st period - Icing by Anthony DeAngelo. 13:40 of 1st period - Tyler Bozak wins face-off versus Mika Zibanejad in WINNIPEG BEAVERS zone. 14:11 of 1st period - Shot by Tyler Bozak. 14:11 of 1st period - Deflect By Nick Cousins. 14:11 of 1st period - Shot Misses the Net. 14:13 of 1st period - Shot by Erik Gustafsson. 14:13 of 1st period - Shot Blocked by Anthony DeAngelo. 14:15 of 1st period - Shot by Erik Gustafsson. 14:15 of 1st period - Stopped by Linus Ullmark without a rebound. 14:16 of 1st period - Jonathan Miller wins face-off versus David Krejci in WINNIPEG BEAVERS zone. 14:43 of 1st period - Shot by Alexander Radulov. 14:43 of 1st period - Goal by Alexander Radulov - WINNIPEG BEAVERS : 3 - REGINA FALCONS : 0. 14:44 of 1st period - Patrick Marleau wins face-off versus Derick Brassard in neutral zone. 15:40 of 1st period - Shot by Jonathan Miller. 15:40 of 1st period - Stopped by Linus Ullmark with a rebound. 15:53 of 1st period - Shot by Max Pacioretty. 15:53 of 1st period - Stopped by Linus Ullmark with a rebound. 15:55 of 1st period - Shot by Max Pacioretty. 15:55 of 1st period - Shot Misses the Net. 16:03 of 1st period - Shot by Max Pacioretty. 16:03 of 1st period - Stopped by Linus Ullmark without a rebound. 16:04 of 1st period - Sean Kuraly wins face-off versus Tyler Bozak in WINNIPEG BEAVERS zone. 16:04 of 1st period - Sean Kuraly is hit by Nick Cousins. 16:09 of 1st period - Minor Penalty to Corey Perry for Holding. 16:10 of 1st period - Nick Cousins wins face-off versus Mika Zibanejad in REGINA FALCONS zone. 16:24 of 1st period - Alexander Radulov is hit by Aaron Ekblad and loses puck. 17:44 of 1st period - Shot by Alexander Radulov. 17:44 of 1st period - Shot Misses the Net. 17:46 of 1st period - Shot by Alexander Radulov. 17:46 of 1st period - Shot Blocked by Anton Stralman. 17:48 of 1st period - Shot by Brad Marchand. 17:48 of 1st period - Stopped by Tristan Jarry without a rebound. 17:49 of 1st period - Mika Zibanejad wins face-off versus Greg McKegg in REGINA FALCONS zone. 18:18 of 1st period - Shot by Jonathan Audy-Marchessault. 18:18 of 1st period - Stopped by Linus Ullmark with a rebound. 18:20 of 1st period - Shot by Brenden Dillon. 18:20 of 1st period - Stopped by Linus Ullmark without a rebound. 18:21 of 1st period - Derick Brassard wins face-off versus Patrick Marleau in WINNIPEG BEAVERS zone. 18:54 of 1st period - Shot by David Pastrnak. 18:54 of 1st period - Stopped by Linus Ullmark without a rebound. 18:55 of 1st period - Joe Pavelski wins face-off versus Jonathan Miller in WINNIPEG BEAVERS zone. 19:42 of 1st period - Icing by Dylan DeMelo. 19:43 of 1st period - Mika Zibanejad wins face-off versus Tyler Bozak in WINNIPEG BEAVERS zone. 19:53 of 1st period - Icing by Anton Stralman. 19:54 of 1st period - Tyler Bozak wins face-off versus David Krejci in REGINA FALCONS zone. Goals for this period are 3 for WINNIPEG BEAVERS vs 0 for REGINA FALCONS. Shots for this period are 14 for WINNIPEG BEAVERS vs 16 for REGINA FALCONS. 2nd period 0:01 of 2nd period - David Krejci wins face-off versus Derick Brassard in neutral zone. 0:41 of 2nd period - David Pastrnak is hit by Alexander Radulov and loses puck. 0:59 of 2nd period - Anton Stralman is hit by Ondrej Palat and loses puck. 1:36 of 2nd period - Off-side. 1:37 of 2nd period - Jonathan Miller wins face-off versus Mika Zibanejad in neutral zone. 2:05 of 2nd period - Shot by Jonathan Audy-Marchessault. 2:05 of 2nd period - Shot Blocked by Brad Marchand. 2:07 of 2nd period - Shot by Jonathan Miller. 2:07 of 2nd period - Stopped by Linus Ullmark without a rebound. 2:08 of 2nd period - Tyler Bozak wins face-off versus Patrick Marleau in WINNIPEG BEAVERS zone. 2:12 of 2nd period - Icing by Ian Cole. 2:13 of 2nd period - Tyler Bozak wins face-off versus Joel Armia in WINNIPEG BEAVERS zone. 2:47 of 2nd period - Icing by Ian Cole. 2:48 of 2nd period - Jonathan Miller wins face-off versus Patrick Marleau in WINNIPEG BEAVERS zone. 2:53 of 2nd period - Shot by Jonathan Miller. 2:53 of 2nd period - Shot Misses the Net. 3:04 of 2nd period - Joel Armia is hit by Anton Stralman and loses puck. 3:12 of 2nd period - Icing by Aaron Ekblad. 3:13 of 2nd period - David Krejci wins face-off versus Jonathan Miller in REGINA FALCONS zone. 3:13 of 2nd period - Alexander Radulov is hit by Anton Stralman and loses puck. 3:19 of 2nd period - Minor Penalty to Anton Stralman for Holding. 3:20 of 2nd period - Mika Zibanejad wins face-off versus Nick Cousins in REGINA FALCONS zone. 3:33 of 2nd period - Shot by Mika Zibanejad. 3:33 of 2nd period - Stopped by Tristan Jarry with a rebound. 5:11 of 2nd period - Richard Panik is hit by Alexander Radulov and loses puck. 5:24 of 2nd period - Icing by Erik Gustafsson. 5:25 of 2nd period - Sean Kuraly wins face-off versus Derick Brassard in REGINA